 Dungeon Crawl Stone Soup version 0.29.1-15-g9cfb28693d (webtiles) character file.

Game seed: 9947797897874593849

110 leetdood the Stinger (level 4, -3/37 HPs)
             Began as a Naga Venom Mage on Feb 26, 2023.
             Was a Follower of Trog.
             Killed by divine providence
             ... invoked by an orc priest
              (12 damage)
             ... on level 3 of the Dungeon.
             The game lasted 00:36:42 (2119 turns).

leetdood the Stinger (Naga Venom Mage)              Turns: 2119, Time: 00:36:43

Health: -3/37      AC:  5    Str: 11    XL:     4   Next: 91%
Magic:  8/8        EV:  8    Int: 17    God:    Trog [*.....]
Gold:   54         SH:  0    Dex: 11    Spells: 7/8 levels left

rFire   + . .      SeeInvis +   i - +2 dagger (speed)
rCold   . . .      Faith    .   (no shield)
rNeg    . . .      Spirit   .   h - +0 ring mail
rPois   +          Reflect  .   (no helmet)
rElec   .          Harm     .   g - +0 cloak
rCorr   .          Rampage  .   (no gloves)
Will    .....                   (no barding)
Stlth   ++........              (no amulet)
HPRegen 0.12/turn               a - ring of protection from fire
MPRegen 0.11/turn               (no ring)

@: brilliant, on berserk cooldown, slowed, studying Stealth, very slow
A: AC +1, large, see invisible, deformed body, poison resistance, slowness 2,
spit poison 1, naga tail 1
a: Spit Poison, Renounce Religion, Berserk


You were on level 3 of the Dungeon.
You worshipped Trog.
Trog was aware of your devotion.
You visited 1 branch of the dungeon, and saw 3 of its levels.

You collected 144 gold pieces.
You spent 90 gold pieces at shops.

Inventory:

Hand Weapons
 i - a +2 dagger of speed (weapon)
Missiles
 e - a poisoned dart (quivered)
Armour
 g - a +0 cloak (worn)
 h - a +0 ring mail (worn)
Jewellery
 a - a ring of protection from fire (left hand)
Scrolls
 c - 4 scrolls of teleportation {unknown}
 f - a scroll of torment
 l - a scroll of enchant armour
 m - a scroll of enchant weapon {unknown}
 o - a scroll of identify
Potions
 b - a potion of magic
 d - a potion of lignification


   Skills:
 + Level 0.6 Fighting
 + Level 0.5 Short Blades
 + Level 0.6 Throwing
 + Level 1.4 Armour
 + Level 1.7 Dodging
 + Level 3.7 Stealth
 - Level 0.3 Unarmed Combat
 - Level 2.8 Spellcasting
 - Level 1.6 Transmutations
 - Level 4.5 Poison Magic


You had 7 spell levels left.
You knew the following spells:

 Your Spells              Type           Power      Damage    Failure   Level
a - Sting                 Tmut/Pois      76%        1d6       12%         1

Your spell library contained the following spells:

 Spells                   Type           Power      Damage    Failure   Level
 Poisonous Vapours        Pois/Air       30%        N/A       26%         2
 Wereblood                Tmut           12%        N/A       32%         2
 Ignite Poison            Fire/Tmut/Pois 14%        N/A       47%         3
 Sublimation of Blood     Necr           3%         N/A       54%         2
 Olgreb's Toxic Radiance  Pois           26%        N/A       54%         4
 Mephitic Cloud           Conj/Pois/Air  11%        N/A       56%         3
 Conjure Flame            Conj/Fire      3%         6-21      77%         3
 Sticky Flame             Conj/Fire      3%         2d3       99%         4
 Summon Hydra             Summ           1%         N/A       100%        7


Dungeon Overview and Level Annotations

Branches:
Dungeon (2/15)

Altars:
Trog
Vehumet

Shops:
D:1 *


Innate Abilities, Weirdness & Mutations

Your serpentine skin is tough. (AC +1)
You have supernaturally acute eyesight. (SInv)
Armour fits poorly on your strangely shaped body.
Your system is resistant to poisons. (rPois)
You cover ground very slowly.
You can spit poison.
You have a snake-like lower body.


Message History

You barely miss the orc priest.
The orc priest is moderately wounded.
The orc priest hits you with a +0 short sword.
The orc hits you with a +0 trident.
You hit the orc priest but do no damage.
The orc priest is moderately wounded.
The orc priest hits you with a +0 short sword.
The orc barely misses you.
You hit the orc priest.
The orc priest is heavily wounded.
The orc barely misses you.
The orc priest mumbles some strange prayers to Beogh against you.
Beogh smites you!
It was a potion of brilliance.
You feel clever all of a sudden.
The orc priest begins to cast a cantrip, but forgets the words!
The orc hits you with a +0 trident.
It was a potion of curing.
You feel better. The orc priest barely misses you.
The orc completely misses you.
The orc priest hits you with a +0 short sword.
The orc closely misses you.
You feel better.
The orc priest looks braver for a moment.
The orc hits you with a +0 trident! The orc attacks as you move away!
The orc hits you with a +0 trident.
The orc hits you from afar with a +0 trident.
* * * LOW HITPOINT WARNING * * *
The orc hits you from afar with a +0 trident.
* * * LOW HITPOINT WARNING * * *
The orc priest hits you but does no damage.
Throw: dart (atropa)
Press: ? - help, Q - select action, (/) - cycle Shift-Dir - straight line, f - orc priest
Aim: an orc priest, wielding a +0 short sword (heavily wounded, 54% to hit, chance to blind on hit: 86%)
You throw an atropa-tipped dart.
The atropa-tipped dart hits the orc priest.
The orc priest resists.
The orc priest is heavily wounded.
The orc priest invokes the aid of Beogh against you.
Beogh smites you!
You die...

#.# #.# #.# . #.#
..#####'#### ...........
.........###############
#..............o@.)).).#
#...............######.#
#.............o.# #.#
#...............# #.#
#########.......# #.#
#.......##### #.#
#.o.....# #)#
....o>o(P..# #)#
......#.P..# #.#


You could see an orc priest and an orc.

Vanquished Creatures
  3 adders
  3 gnolls (D:3)
  2 dart slugs (D:1)
  2 orcs (D:3)
  An endoplasm (D:2)
  A giant cockroach (D:2)
  7 goblins
  6 hobgoblins
  3 jackals (D:1)
  6 ball pythons (D:1)
  4 bats
  3 frilled lizards (D:1)
  4 kobolds
  6 rats
51 creatures vanquished.

Vanquished Creatures (others)
  5 plants
5 creatures vanquished.

Grand Total: 56 creatures vanquished

Notes
Turn   | Place    | Note
-------+----------+-------------------------------------------
     0 | D:1      | leetdood the Naga Venom Mage began the quest for the Orb.
     0 | D:1      | Reached XP level 1. HP: 15/15 MP: 3/3
   212 | D:1      | Reached XP level 2. HP: 17/22 MP: 1/5
   601 | D:1      | Reached XP level 3. HP: 13/28 MP: 0/6
   922 | D:1      | Found Jerpheps's General Store.
  1470 | D:1      | Bought a scroll of enchant armour for 90 gold pieces
  1498 | D:2      | Found a faded altar of an unknown god.
  1527 | D:2      | Prayed at the altar of an unknown god.
  1527 | D:2      | Became a worshipper of Trog the Wrathful
  1527 | D:2      | Reached * piety under Trog
  1573 | D:2      | You fall into a shaft and drop 1 floor!
  1589 | D:3      | Found a radiant altar of Vehumet.
  1669 | D:3      | Reached skill level 1 in Armour
  1669 | D:3      | Reached XP level 4. HP: 21/36 MP: 8/8
  2119 | D:3      | Killed from afar by an orc priest

Illustrated notes

Levels and vault maps discovered:
D:1:      tarquinn_simple_flora_water_e, layout_rooms, serial_shops, shop,
          minmay_tetromino_s2
D:2:      layout_rooms, basic_ecumenical_altar, serial_shops, shop, uniq_robin
D:3:      minmay_razor_zed, layout_basic, lemuel_crystal_altar,
          tgw_kikubaaqudgha, mainiacjoe_overflow_boulevard, okawaru_trees_1

Skill      XL: |  1  2  3 |
---------------+----------+-----
Armour         | 1 |  1.4
Fighting       | |  0.6
Short Blades   | |  0.5
Throwing       | |  0.6
Dodging        | |  1.7
Stealth        | |  3.7
Unarmed Combat | |  0.3
Spellcasting   | |  2.8
Transmutations | |  1.6
Poison Magic   | |  4.5

Action                   |  1- 3 |  4- 6 || total
-------------------------+-------+-------++-------
Melee: Unarmed           |    32 |       ||    32
       Dagger            |    16 |    31 ||    47
Throw: Dart              |    13 |     4 ||    17
 Cast: Sting             |    46 |       ||    46
Invok: Berserk           |       |     3 ||     3
 Abil: Spit Poison       |     8 |     3 ||    11
  Use: Potion            |     2 |     3 ||     5
       Scroll            |     2 |       ||     2
Armor: Skin              |     5 |       ||     5
       Robe              |     1 |       ||     1
       Scale mail        |    27 |       ||    27
       Ring mail         |     3 |    11 ||    14
Dodge: Dodged            |    23 |    10 ||    33
